 Dungeon Crawl Stone Soup version 0.31.0-11-ge490571c62 (webtiles) character file.

Game seed: 11222188360594167222

85723 juan097 the Devastator (level 15, -7/126 HPs)
             Began as a Green Draconian Earth Elementalist on Jan 29, 2024.
             Was an Initiate of Gozag.
             Mangled by a vampire knight
             ... wielding a +0 great mace
              (9 damage)
             ... on level 12 of the Dungeon.
             The game lasted 01:52:16 (32409 turns).

juan097 the Devastator (DrEE)                      Turns: 32409, Time: 01:52:16

Health: -7/126     AC: 15    Str: 16    XL:     15   Next: 38%
Magic:  18/29      EV: 20    Int: 25    God:    Gozag
Gold:   3736       SH:  7    Dex: 11    Spells: 13/34 levels left

rFire   + . .        a - staff of earth
rCold   . . .        g - +2 buckler
rNeg    . . .        (body armour unavailable)
rPois   +            O - +1 hat
rElec   .            e - scarf of Undesirable Species {repulsion, rF+ Regen+ Int+4}
rCorr   .            H - +2 pair of gloves {Str+3}
SInv    .            T - +1 pair of boots
Will    ++...        Y - amulet of magic regeneration
Stlth   +++          U - +5 ring of evasion {=R}
HPRegen 1.21/turn    t - ring of willpower
MPRegen 0.61/turn

%: repel missiles
@: brilliant
A: breathe noxious fumes, AC +9, unfitting armour, stinger 1, poison resistance,
cold-blooded, screaming 1
a: Breathe Noxious Fumes, Renounce Religion, Potion Petition, Call Merchant,
Bribe Branch


You were on level 12 of the Dungeon.
You worshipped Gozag.
Gozag was most pleased with you.
You visited 4 branches of the dungeon, and saw 20 of its levels.
You also visited: Ossuary.

You collected 6893 gold pieces.
You spent 2253 gold pieces at shops.
You paid 904 gold pieces to Gozag.

Inventory:

Hand Weapons
 b - the +8 whip of Starshine {vamp, rPois Dex+3}
   (You found it on level 5 of the Dungeon)

   Dex+3:     It affects your dexterity (+3).
   rPois:     It protects you from poison
 Q - a +3 dagger of speed
Missiles
 G - 46 poisoned darts
 W - 4 curare-tipped darts
Armour
 e - the scarf of Undesirable Species (worn) {repulsion, rF+ Regen+ Int+4}
   (You acquired it on level 9 of the Dungeon)

   Int+4:     It affects your intelligence (+4).
   rF+:       It protects you from fire.
   Regen+:    It increases your rate of health regeneration.
 g - a +2 buckler (worn)
 H - a +2 pair of gloves of strength (worn)
 O - a +1 hat (worn)
 T - a +1 pair of boots (worn)
Magical Staves
 a - a staff of earth (weapon)
Jewellery
 h - a ring of fire
 r - a ring of flight
 t - a ring of willpower (right hand)
 F - a ring of ice
 J - a ring of see invisible
 R - a ring of magical power
 U - a +5 ring of evasion (left hand) {=R}
 Y - an amulet of magic regeneration (around neck)
Wands
 k - a wand of paralysis (14)
 q - a wand of polymorph (4)
 u - a wand of roots (11)
 y - a wand of digging (6)
 D - a wand of mindburst (7)
 I - a wand of flame (15)
 M - a wand of light (1)
Scrolls
 c - 4 scrolls of noise
 i - 3 scrolls of amnesia
 j - 3 scrolls of vulnerability
 o - 12 scrolls of teleportation
 p - 6 scrolls of revelation {unknown}
 s - 3 scrolls of blinking
 w - 4 scrolls of fear {unknown}
 E - a scroll of summoning
 L - 4 scrolls of enchant weapon
 P - a scroll of immolation
 S - 3 scrolls of fog
 V - a scroll of poison
 X - a scroll of silence
 Z - 3 scrolls of enchant armour
Potions
 d - 6 potions of brilliance
 f - 3 potions of mutation
 l - 3 potions of magic
 m - 7 potions of haste
 n - 3 potions of lignification
 v - 15 potions of curing
 x - 5 potions of heal wounds {unknown}
 z - 3 potions of enlightenment
 A - 3 potions of berserk rage
 B - 2 potions of invisibility
 C - 2 potions of experience
 K - 3 potions of might
 N - 4 potions of attraction


   Skills:
 - Level 10.0 Fighting
 - Level 10.0 Dodging
 - Level 6.0 Stealth
 - Level 6.0 Shields
 - Level 10.0 Spellcasting
 + Level 16.5 Conjurations
 - Level 10.0 Earth Magic
 - Level 8.0 Alchemy
 - Level 4.0 Evocations


You had 13 spell levels left.
You knew the following spells:

 Your Spells              Type           Power      Damage    Failure   Level
a - Sandblast             Erth           100%       2d20      1%          1
b - Stone Arrow           Conj/Erth      100%       3d13      1%          3
c - Passwall              Erth           96%        N/A       1%          3
d - Brom's Barrelling Bo  Conj/Erth      100%       2d11      1%          4
e - Sting                 Conj/Alch      100%       1d9       1%          1
f - Olgreb's Toxic Radia  Alch           68%        N/A       2%          4
g - Lee's Rapid Deconstr  Erth           48%        3d23*     2%          5

Your spell library contained the following spells:

 Spells                   Type           Power      Damage    Failure   Level
 Shock                    Conj/Air       100%       1d9       1%          1
 Mercury Vapours          Alch/Air       96%        N/A       1%          2
 Momentum Strike          Conj/Tloc      100%       3d10      1%          2
 Dazzling Flash           Conj/Hex       100%       N/A       1%          3
 Hailstorm                Conj/Ice       69%        3d12      1%          3
 Mephitic Cloud           Conj/Alch/Air  68%        N/A       1%          3
 Petrify                  Alch/Erth      92%        N/A       1%          4
 Freeze                   Ice            72%        1d8       6%          1
 Blink                    Tloc           36%        N/A       10%         2
 Lesser Beckoning         Tloc           36%        N/A       10%         2
 Frozen Ramparts          Ice            36%        1d6       19%         3
 Gell's Gravitas          Tloc           18%        N/A       19%         3
 Swiftness                Air            18%        N/A       19%         3
 Teleport Other           Tloc           18%        N/A       19%         3
 Airstrike                Air            9%         2d(2-18)  52%         4
 Summon Lightning Spire   Summ/Air       18%        N/A       52%         4
 Curse of Agony           Necr           18%        N/A       86%         5
 Silence                  Hex/Air        9%         N/A       86%         5
 Summon Forest            Summ/Tloc      9%         N/A       86%         5
 Summon Mana Viper        Hex/Summ       18%        N/A       86%         5
 Dispersal                Tloc           9%         N/A       100%        6
 Summon Cactus Giant      Summ           9%         N/A       100%        6
 Animate Armour           Summ/Erth      Unusable   N/A       N/A         4

Dungeon Overview and Level Annotations

Branches:
Dungeon (12/15)            Temple (1/1) D:6            Lair (5/5) D:11
 Shoals (0/4) Lair:3        Snake (0/4) Lair:2        Slime (0/5) Lair:5
    Orc (2/2) D:9             Elf (0/3) Orc:2       Ossuary (visited)

Altars:
Ashenzari
Cheibriados
Dithmenos
Elyvilon
Fedhas
Gozag
Hepliaklqana
Kikubaaqudgha
Makhleb
Nemelex Xobeh
Okawaru
Qazlal
Ru
Trog
Uskayaw
Vehumet
Wu Jian
Xom
Yredelemnul
Zin
Jiyva

Shops:
D:1 (   D:6 :   D:8 *   Orc:1 *   Orc:2 =**[   Lair:5 *

Annotations:
D:3 1 runed translucent door, Crazy Yiuf, Grinder
D:6 Menkaure
D:7 3 runed translucent doors, LoggersVIII's ghost, novice OpEE
D:11 3 runed translucent doors, ProzacElf's ghost, journeyman DsWn
Lair:4 Aricsoirch's ghost, journeyman GrFi


Innate Abilities, Weirdness & Mutations

You can breathe blasts of noxious fumes.
Your lurid green scales are hard. (AC +9)
You cannot fit into any form of body armour.
Your tail ends in a venomous barb.
Your system is resistant to poisons. (rPois)
You are cold-blooded and may be slowed by cold attacks.
You occasionally shout uncontrollably at your foes.


Message History

Aim: a vampire knight, wielding a +0 great mace and wearing a +0 chain mail (moderately damaged, fast, chance to affect: 13%)
Okay, then.
Aiming: Bolt of Light
Press: ? - help, Shift-Dir - straight line, f/p - vampire knight
Aim: a vampire knight, wielding a +0 great mace and wearing a +0 chain mail (moderately damaged, fast, 81% to hit)
The bolt of light hits the vampire knight!
The vampire knight is heavily damaged.
The vampire knight draws life force from you!
The vampire knight is healed by the life force!
You block the vampire knight's attack.
The vampire knight bites you but does no damage.
Aiming: Fastroot
Press: ? - help, Shift-Dir - straight line, f/p - vampire knight
Aim: a vampire knight, wielding a +0 great mace and wearing a +0 chain mail (heavily damaged, fast)
The roots erupt in riotous growth!
Roots grab the vampire knight.
The grasping roots constrict the vampire knight!
The vampire knight barely misses you. The vampire knight bites you.
The vampire knight draws strength from your injuries!
You are too injured to fight recklessly!
Unknown command.
You are too injured to fight recklessly!
Casting: Stone Arrow (safe; 1% risk of failure)
Confirm with . or Enter, or press ? or * to list all spells.
Aiming: Sandblast (safe; 1% risk of failure)
Press: ? - help, Shift-Dir - straight line, f/p - vampire knight
Aim: a vampire knight, wielding a +0 great mace and wearing a +0 chain mail (heavily damaged, fast, constricted by roots, 100% to hit)
You feel a strong surge of power!
The blast of sand hits the vampire knight but does no damage.
The vampire knight is heavily damaged.
The grasping roots constrict the vampire knight.
The vampire knight draws life force from you!!
The vampire knight is healed by the life force!
The vampire knight misses you.
The vampire knight bites you but does no damage.
The vampire knight hits you with a +0 great mace!!!
* * * LOW HITPOINT WARNING * * *
The vampire knight bites you!
You die...
Your body crumbles into a pile of gold.

#...# ################...#
...................##############
.............).............).....
...................#########).###
################...# ##..## #...#
#...# ################V..# ##.(D
................@..############..
................>............###.
.............................# ##
###.##################..###### #
#.# #..# #.# #..# #.# #..# #.#
#..# #.##################..#


You could see a vampire knight (fast, rooted).

Vanquished Creatures
  A storm dragon (D:12)
  2 ettins
  An ogre mage (D:12)
  5 hydras
  Erica (Lair:1)
  3 boulder beetles
  4 catoblepae
  3 two-headed ogres
  20 death yaks
  3 orc high priests (Orc:2)
  Sonja (Lair:5)
  A skyshark (Lair:3)
  A skeletal warrior (D:12)
  A flayed ghost (D:12)
  A bog body (Lair:2)
  Pikel (D:7)
  5 ugly things
  4 orc knights (Orc:2)
  4 orc sorcerers (Orc:2)
  An oklob plant (Lair:4)
  2 cyclopes
  3 manticores
  A merfolk siren (Lair:3)
  5 kobold blastminers (Orc:2)
  17 elephants
  7 black mambas
  9 cane toads
  Jeremiah (D:6)
  Maggie (D:6)
  4 gargoyles
  A freezing wraith (Lair:2)
  8 rime drakes
  An efreet (D:12)
  7 komodo dragons
  An unseen horror (D:12)
  A kobold demonologist (D:9)
  3 red devils (D:10)
  An ice devil (Lair:2)
  2 trolls
  3 merfolk (Lair:3)
  6 polar bears
  A hornet (D:7)
  4 blink frogs (Lair:5)
  6 dream sheep (Lair:5)
  4 wyverns
  3 shadows
  4 vampires
  Eustachio (D:6)
  6 basilisks
  74 yaks
  3 wraiths (D:12)
  A warg (Orc:2)
  3 steam dragons
  2 vampire mosquitoes (D:12)
  6 acid dragons
  3 nagas (Lair:2)
  Edmund (D:6)
  13 water moccasins
  14 orc warriors
  2 sky beasts
  8 ogres
  6 black bears
  A black mamba simulacrum (Lair:4)
  An ice beast (D:8)
  8 wolves
  8 centaurs
  2 lemures
  2 elf zombies (Ossuary)
  A phantom (D:4)
  17 bullfrogs
  3 kobold brigands
  7 scorpions
  A dream sheep simulacrum (Lair:4)
  An elephant simulacrum (Lair:2)
  A rime drake simulacrum (Lair:4)
  3 electric eels
  3 howler monkeys (D:8)
  A centaur zombie (Ossuary)
  2 bombardier beetles
  A torpor snail simulacrum (Lair:4)
  2 human zombies (Ossuary)
  A hound (D:4)
  27 orc priests
  A jelly (D:5)
  3 iguanas
  A sleepcap (D:4)
  Jessica (D:2)
  23 orc wizards
  Natasha (twice) (D:2)
  A spriggan simulacrum (Lair:2)
  7 hell rats (Lair:5)
  A troll simulacrum (Lair:2)
  A wolf simulacrum (Lair:2)
  6 hound zombies (Ossuary)
  3 mummies
  3 gnolls (D:4)
  6 adders
  A naga simulacrum (Lair:2)
  2 shadow imps
  A white imp (D:8)
  2 ufetubi (D:6)
  6 adder zombies (Ossuary)
  3 ribbon worms
  6 dart slugs
  50 orcs
  15 endoplasms
  7 giant cockroaches
  5 goblins
  10 hobgoblins
  3 quokkas
  7 ball pythons
  4 bats
  A frilled lizard (D:2)
  3 gnoll zombies (Ossuary)
  A hobgoblin zombie (D:4)
  7 jackal zombies (Ossuary)
  20 kobolds
  3 kobold zombies
  7 orc zombies (Ossuary)
  6 rats
634 creatures vanquished.

Vanquished Creatures (collateral kills)
  31 boulders
31 creatures vanquished.

Vanquished Creatures (others)
  A centaur simulacrum (D:12)
  35 boulders
36 creatures vanquished.

Grand Total: 701 creatures vanquished

Notes
Turn   | Place    | Note
-------+----------+-------------------------------------------
     0 | D:1      | juan097 the Draconian Earth Elementalist began the quest
                  | for the Orb.
     0 | D:1      | Reached XP level 1. HP: 14/14 MP: 3/3
   181 | D:1      | Reached XP level 2. HP: 20/20 MP: 0/5
   239 | D:1      | Found Itogeng's Weapon Boutique.
   685 | D:1      | Found a faded altar of an unknown god.
  1228 | D:2      | Noticed a bombardier beetle
  1279 | D:2      | Reached XP level 3. HP: 26/26 MP: 3/6
  1327 | D:2      | Learned a level 3 spell: Stone Arrow
  1354 | D:2      | Noticed Natasha
  1362 | D:2      | Killed Natasha
  1611 | D:2      | Noticed Jessica
  1617 | D:2      | Killed Jessica
  1618 | D:2      | Reached XP level 4. HP: 27/33 MP: 1/7
  2042 | D:2      | Reached XP level 5. HP: 38/38 MP: 6/8
  2321 | D:2      | Noticed Natasha
  2328 | D:2      | Killed Natasha
  2568 | D:3      | Found a runed translucent door.
  2569 | D:3      | Noticed Crazy Yiuf
  3111 | D:3      | Reached skill level 2 in Conjurations
  3158 | D:3      | Noticed Grinder
  3257 | D:4      | Reached skill level 5 in Earth Magic
  3353 | D:4      | Noticed a phantom
  3372 | D:4      | Killed a phantom
  3373 | D:4      | Reached XP level 6. HP: 45/45 MP: 5/9
  3407 | D:4      | Found a sand-covered staircase.
  3456 | Ossuary  | Entered an ossuary
  3465 | Ossuary  | Reached skill level 3 in Conjurations
  3959 | Ossuary  | Reached skill level 4 in Conjurations
  3959 | Ossuary  | Your scales start taking on a lurid green colour.
  3959 | Ossuary  | Reached XP level 7. HP: 33/50 MP: 1/10
  3959 | Ossuary  | Gained mutation: Your system is resistant to poisons.
                  | (rPois) [Green Draconian growth]
  4056 | Ossuary  | Reached skill level 1 in Fighting
  4603 | D:4      | Identified the +0 ring mail of Yredelemnul's Scorn {Will-
                  | Regen+ Dex+7 Stlth-}
  4842 | D:4      | Learned a level 3 spell: Passwall
  4969 | D:5      | Entered Level 5 of the Dungeon
  5145 | D:5      | Identified the +0 ring mail of Jinoecil {Slay+2}
  5324 | D:5      | Reached XP level 8. HP: 58/61 MP: 5/12
  5901 | D:5      | Identified the +8 whip of Starshine {vamp, rPois Dex+3}
  6301 | D:6      | Reached skill level 5 in Conjurations
  6343 | D:6      | Found a sacrificial altar of Ru.
  6489 | D:6      | Learned a level 4 spell: Brom's Barrelling Boulder
  6492 | D:6      | Identified the +3 ring mail "Ozoeblown" {*Slow Str+3
                  | Stlth+}
  6556 | D:6      | Noticed Maggie
  6572 | D:6      | Killed Maggie
  6573 | D:6      | Reached XP level 9. HP: 57/71 MP: 1/14
  6891 | D:6      | Noticed Edmund
  6941 | D:6      | Noticed Menkaure
  6991 | D:6      | Noticed Jeremiah
  7037 | D:6      | Killed Jeremiah
  7038 | D:6      | Reached skill level 6 in Conjurations
  7181 | D:6      | Killed Edmund
  7317 | D:6      | Found a staircase to the Ecumenical Temple.
  7327 | Temple   | Entered the Ecumenical Temple
  7333 | Temple   | Became a worshipper of Gozag Ym Sagoz the Greedy
  7369 | D:6      | Reached skill level 5 in Fighting
  7500 | D:6      | Found Kodeuw's Book Shoppe.
  7531 | D:6      | Reached skill level 5 in Spellcasting
  7601 | D:6      | Noticed Eustachio
  7615 | D:6      | Killed Eustachio
  7924 | D:7      | Found a runed translucent gate.
  7924 | D:7      | Found a runed translucent gate.
  7926 | D:7      | Found a runed translucent gate.
  7927 | D:7      | Noticed LoggersVIII's ghost (novice OpEE)
  8019 | D:7      | Reached skill level 1 in Evocations
  8288 | D:7      | Learned a level 1 spell: Sting
  8324 | D:7      | Reached skill level 1 in Alchemy
  8963 | D:7      | Reached XP level 10. HP: 82/83 MP: 15/19
  9021 | D:7      | Noticed Pikel
  9135 | D:7      | Killed Pikel
  9722 | D:8      | Found Tannew's General Store.
  9910 | D:8      | Bought a scroll of teleportation for 39 gold pieces
  9910 | D:8      | Bought a potion of invisibility for 104 gold pieces
  9941 | D:8      | Reached skill level 7 in Conjurations
 10087 | D:8      | Found a broken altar of Ashenzari.
 10091 | D:8      | Saw a vision of the Shoals and the Snake Pit.
 10091 | D:8      | Noticed a mana viper
 10091 | D:8      | Noticed a skyshark
 10091 | D:8      | Noticed a naga warrior
 10091 | D:8      | Noticed a naga mage
 10091 | D:8      | Noticed a black mamba
 10091 | D:8      | Noticed a black mamba
 10091 | D:8      | Noticed a sea snake
 10091 | D:8      | Noticed a sea snake
 10092 | D:8      | Noticed a sea snake
 10092 | D:8      | Noticed a black mamba
 10357 | D:9      | Identified a scroll of acquirement
 10363 | D:9      | Acquired the scarf of Undesirable Species {repulsion, rF+
                  | Regen+ Int+4}
 10854 | D:9      | Found a staircase to the Orcish Mines.
 11079 | D:9      | Found Zin's Purification Station.
 11094 | D:9      | Found a glowing silver altar of Zin.
 11097 | D:9      | Bought a potion of curing for 90 gold pieces
 11533 | D:9      | Noticed a sixfirhy
 11637 | Orc:1    | Entered Level 1 of the Orcish Mines
 11837 | Orc:1    | Learned a level 4 spell: Olgreb's Toxic Radiance
 12113 | Orc:1    | Reached skill level 5 in Alchemy
 12243 | Orc:1    | Noticed an ettin
 12283 | Orc:1    | Killed an ettin
 12539 | Orc:1    | Reached XP level 11. HP: 89/89 MP: 0/20
 12754 | Orc:1    | Found Ynniapo's CLEARANCE SALE!.
 12808 | Orc:2    | Entered Level 2 of the Orcish Mines
 12808 | Orc:2    | Noticed a boulder beetle
 12821 | Orc:2    | Killed a boulder beetle
 13121 | Orc:2    | Reached skill level 8 in Conjurations
 13658 | Orc:2    | Found a staircase to the Elven Halls.
 14049 | Orc:2    | Noticed an orc sorcerer
 14057 | Orc:2    | Found Elyo's Antique Armour Boutique.
 14057 | Orc:2    | Noticed an orc sorcerer
 14057 | Orc:2    | Killed an orc sorcerer
 14058 | Orc:2    | Reached skill level 10 in Earth Magic
 14058 | Orc:2    | Noticed an orc sorcerer
 14058 | Orc:2    | Noticed an orc high priest
 14059 | Orc:2    | Noticed an orc knight
 14133 | Orc:2    | Killed an orc high priest
 14292 | Orc:2    | Noticed an orc sorcerer
 14300 | Orc:2    | Killed an orc sorcerer
 14304 | Orc:2    | Killed an orc sorcerer
 14305 | Orc:2    | Noticed an orc knight
 14309 | Orc:2    | Noticed an orc knight
 14338 | Orc:2    | Killed an orc knight
 14513 | Orc:2    | Noticed an orc knight
 14546 | Orc:2    | Killed an orc knight
 14555 | Orc:2    | Killed an orc knight
 14672 | Orc:2    | Noticed an orc high priest
 14676 | Orc:2    | Noticed a soul eater
 14679 | Orc:2    | Gained mutation: You occasionally shout uncontrollably at
                  | your foes. [a neqoxec]
 14688 | Orc:2    | Killed an orc high priest
 14863 | Orc:2    | Noticed an ettin
 14886 | Orc:2    | Killed an orc sorcerer
 14887 | Orc:2    | Killed an ettin
 14888 | Orc:2    | Reached XP level 12. HP: 103/103 MP: 2/24
 15016 | Orc:2    | Noticed an orc high priest
 15020 | Orc:2    | Killed an orc high priest
 15021 | Orc:2    | Reached skill level 5 in Dodging
 15467 | Orc:2    | Found Zyalex's Jewellery Boutique.
 15469 | Orc:2    | Found Ryelys's General Store.
 15474 | Orc:2    | Found Batupt's Assorted Antiques.
 15479 | Orc:2    | Bought a scroll labelled UTSUMONTA ZYUS for 32 gold pieces
 15501 | Orc:2    | Bought a potion of degeneration for 12 gold pieces
 15534 | Orc:2    | Bought a pair of embroidered gloves for 180 gold pieces
 15557 | Orc:2    | Bought a scroll of identify for 24 gold pieces
 15557 | Orc:2    | Bought a scroll of identify for 24 gold pieces
 15557 | Orc:2    | Bought a potion of brilliance for 48 gold pieces
 15575 | Orc:2    | Bought a pair of boots for 108 gold pieces
 15630 | Orc:2    | Bought an amulet of reflection for 360 gold pieces
 15641 | Orc:2    | Bought a ring of willpower for 300 gold pieces
 15641 | Orc:2    | Bought a ring of see invisible for 180 gold pieces
 15644 | Orc:2    | Bought a +5 ring of evasion for 432 gold pieces
 15979 | D:10     | Entered Level 10 of the Dungeon
 16355 | D:10     | Found a shadowy altar of Dithmenos.
 16388 | D:10     | Reached skill level 1 in Shields
 16702 | D:10     | Found an iron altar of Okawaru.
 18010 | D:11     | Found a staircase to the Lair.
 18049 | D:11     | Noticed a two-headed ogre
 18084 | D:11     | Killed a two-headed ogre
 18389 | D:11     | Found a runed translucent gate.
 18389 | D:11     | Found a runed translucent gate.
 18389 | D:11     | Found a runed translucent gate.
 18455 | D:11     | Noticed ProzacElf's ghost (journeyman DsWn)
 18455 | D:11     | Noticed a great orb of eyes
 18655 | D:11     | Found a viscous altar of Jiyva.
 18676 | Lair:1   | Entered Level 1 of the Lair of Beasts
 18690 | Lair:1   | Reached skill level 10 in Fighting
 18864 | Lair:1   | Learned a level 5 spell: Lee's Rapid Deconstruction
 19399 | Lair:1   | Reached skill level 10 in Spellcasting
 19645 | Lair:1   | Reached XP level 13. HP: 113/113 MP: 14/27
 19983 | Lair:1   | Noticed Erica
 19986 | Lair:1   | Killed Erica
 20793 | Lair:2   | Reached skill level 5 in Stealth
 20793 | Lair:2   | Reached skill level 5 in Shields
 21657 | Lair:2   | Identified the +0 chain mail of Yfimn {rPois Will+ Regen+}
 22202 | Lair:2   | Found a staircase to the Snake Pit.
 22640 | Lair:3   | You fall into a shaft and drop 1 floor!
 22699 | Lair:4   | Found a runed translucent gate.
 22699 | Lair:4   | Found a runed translucent gate.
 22699 | Lair:4   | Found a runed translucent gate.
 22756 | Lair:3   | Found a staircase to the Shoals.
 23861 | Lair:4   | Reached skill level 10 in Dodging
 24176 | Lair:4   | Noticed Aricsoirch's ghost (journeyman GrFi)
 24531 | Lair:3   | Reached skill level 9 in Conjurations
 25249 | Lair:4   | Gained mutation: Your tail ends in a venomous barb. [Green
                  | Draconian growth]
 25249 | Lair:4   | Reached XP level 14. HP: 121/121 MP: 2/28
 25410 | Lair:3   | Reached skill level 10 in Conjurations
 26006 | Lair:4   | Found the +1 robe of Vines {NoPotionHeal Regen++++}
 26744 | Lair:4   | Reached skill level 11 in Conjurations
 27487 | Lair:5   | Entered Level 5 of the Lair of Beasts
 27755 | Lair:4   | Reached skill level 12 in Conjurations
 28613 | Lair:5   | Reached skill level 13 in Conjurations
 28799 | Lair:5   | Noticed Sonja
 28804 | Lair:5   | Killed Sonja
 29363 | Lair:5   | Reached skill level 14 in Conjurations
 29868 | Lair:5   | Reached XP level 15. HP: 118/126 MP: 24/29
 29870 | Lair:5   | Reached skill level 15 in Conjurations
 30201 | Lair:5   | Found a staircase to the Slime Pits.
 30667 | Lair:5   | Bought 2 potions of haste for 320 gold pieces
 31485 | D:12     | Reached skill level 16 in Conjurations
 31608 | D:12     | Noticed a storm dragon
 32396 | D:12     | Killed a storm dragon
 32409 | D:12     | HP: 2/126 [vampire knight/+0 great mace (39)]
 32409 | D:12     | Mangled by a vampire knight

Illustrated notes

Levels and vault maps discovered:
D:1:      dpeg_arrival_rooms_with_view, layout_basic,
          chequers_ecumenical_altar_grove, serial_shops, nicolae_lakefront_shop,
          minmay_tromino_v2
D:2:      layout_loops_corners, uniq_jessica, uniq_natasha
D:3:      layout_basic, nicolae_tso_besieged_by_evil, kennysheep_orc_sif_temple,
          minmay_misc_feat_iff, kennysheep_generic_room_3, uniq_ijyb,
          uniq_grinder, uniq_crazy_yiuf_cottage
D:4:      layout_loops_ring, nicolae_ossuary_entry_giza, minmay_statues_item
D:5:      layout_loops_corners, serial_rivers, chequers_serial_rivers_large_a,
          chequers_serial_rivers_micro_a, chequers_serial_rivers_small_3,
          chequers_serial_rivers_micro_c, chequers_serial_rivers_micro_b,
          chequers_serial_rivers_room_b
D:6:      layout_gridville, nicolae_ru_great_annihilating_truth,
          minmay_temple_entry_stoned_glass, kennysheep_another_room,
          nicolae_take_the_stairs, uniq_menkaure, uniq_edmund, uniq_maggie,
          uniq_jeremiah, uniq_eustachio
D:7:      layout_loops_cross, gammafunk_ghost_split, uniq_pikel
D:8:      kennysheep_blocky_hall, layout_rooms, grunt_ashenzari_visionary
          [grunt_ashenzari_visionary_shoals, grunt_ashenzari_visionary_snake],
          serial_shops, nicolae_shop_tiny_waterfront
D:9:      layout_loops_ring, zin_purify, david_orc_2
D:10:     layout_basic, nicolae_dithmenos_through_a_glass_darkly,
          kennysheep_mini_moat, einodemon_armed_red_devil_minivault
D:11:     layout_rooms, due_lair_maze_entry_diamond, gammafunk_ghost_ooze
D:12:     evilmike_diamond_1, layout_long_grid
Temple:   minmay_freezing_vapour_temple
Lair:1:   layout_hall_layers, uniq_erica
Lair:2:   dreamdust_isle_of_ice, layout_loops_ring, guppyfry_snake_entry_garden,
          st_stairs_7, fungi_pond_lemuel, infiniplex_staircase_pool,
          lemuel_fruit_tree, serial_bayou_shore_a, serial_bayou_shore_b
Lair:3:   layout_chaotic_city, elwin_shoals_entry_stream, minmay_holes,
          pdpol_lair_neglected_garden
Lair:4:   layout_concentric_octagons, gammafunk_ghost_icy,
          hellmonk_guarded_unrand_vines, grunt_megastairs_4
Lair:5:   evilmike_catoblepas_cave, layout_regular_city,
          dpeg_slime_entry_enclosed, serial_bayou_crossing, grunt_megastairs_5,
          serial_bayou_shore_b, uniq_sonja
Orc:1:    layout_caves, nicolae_shop_clearance
Orc:2:    st_orc_elflike, layout_diamond_mine, blackcustard_rock_pile

Skill      XL: |  1  2  3  4  5  6  7  8  9 10 11 12 13 14 15 |
---------------+----------------------------------------------+-----
Stealth        | 2 3 4 6 |  6.0
Earth Magic    | 4 5 6 8 9 10 | 10.0
Conjurations   | 2 4 5 6 7 8 9 14 16 | 16.5
Dodging        | 2 3 4 7 10 | 10.0
Fighting       | 2 3 6 8 10 | 10.0
Spellcasting   | 3 6 8 10 | 10.0
Evocations     | 1 4 |  4.0
Alchemy        | 2 6 8 |  8.0
Shields        | 4 6 |  6.0

Action                     |  1- 3 |  4- 6 |  7- 9 | 10-12 | 13-15 || total
---------------------------+-------+-------+-------+-------+-------++-------
  Melee: Whip              |       |    25 |    42 |    23 |    26 ||   116
         Tailslap          |       |     5 |     4 |     5 |    32 ||    46
         Staff             |       |       |       |    13 |    94 ||   107
         Dagger            |       |       |       |     4 |     1 ||     5
   Cast: Sandblast         |    51 |   128 |   138 |    20 |     1 ||   338
         Stone Arrow       |       |       |    24 |   131 |   297 ||   452
         Sting             |       |       |    19 |    19 |       ||    38
         Brom's Barrelling |       |       |     6 |    82 |    20 ||   108
         Olgreb's Toxic Ra |       |       |       |    56 |    76 ||   132
         Passwall          |       |       |       |     1 |     1 ||     2
         Lee's Rapid Decon |       |       |       |     7 |   127 ||   134
 Invoke: Potion Petition   |       |       |       |       |     1 ||     1
         Call Merchant     |       |       |       |       |     1 ||     1
Ability: Breathe Noxious F |       |       |     6 |     6 |    17 ||    29
  Evoke: Wand              |       |       |       |     8 |     8 ||    16
    Use: Scroll            |       |       |       |    17 |    10 ||    27
         Potion            |       |       |       |     1 |     2 ||     3
   Stab: Confused          |       |       |     3 |       |     1 ||     4
         Petrifying        |       |       |       |       |     1 ||     1
         Sleeping          |       |       |       |       |     1 ||     1
 Armour: Skin              |     6 |    71 |    91 |   101 |   226 ||   495
  Dodge: Dodged            |    11 |    88 |    61 |   103 |   259 ||   522
         Repelled          |       |       |       |    11 |     6 ||    17
  Block: Buckler           |       |       |       |    26 |   211 ||   237
         Reflection        |       |       |       |     5 |     2 ||     7
